 Dungeon Crawl Stone Soup version 0.32-a0-540-g866d13106e (webtiles) character file.

Game seed: 14535868655321950023

216 lunkers the Cutter (level 5, -1/38 HPs)
             Began as a Coglin Brigand on Feb 28, 2024.
             Slain by a gnoll
             ... wielding a +0 flail
              (4 damage)
             ... on level 2 of the Dungeon.
             The game lasted 00:02:23 (1409 turns).

lunkers the Cutter (Coglin Brigand)                 Turns: 1409, Time: 00:02:23

Health: -1/38      AC:  6    Str: 13    XL:     5   Next: 93%
Magic:  5/5        EV: 10    Int: 11    God:
Gold:   40         SH:  0    Dex: 15    Spells: 4/4 levels left

rFire   . . .        a - +2 dagger {Juan}
rCold   . . .        n - +0 dagger {Byeongho}
rNeg    . . .        k - +0 ring mail
rPois   .            (no helmet)
rElec   .            c - +0 cloak
rCorr   .            (no gloves)
SInv    .            (no boots)
Will    .....        (no amulet)
Stlth   ++           (ring unavailable)
HPRegen 0.26/turn    (ring unavailable)
MPRegen 0.09/turn

%: no passive effects
@: revving
A: off-hand wielding, slow wielding, warmup strikes, no rings
a: no special abilities


You were on level 2 of the Dungeon.
You visited 1 branch of the dungeon, and saw 2 of its levels.

You collected 40 gold pieces.

Inventory:

Hand Weapons
 a - a +2 dagger (weapon) {Juan}
 n - a +0 dagger (offhand) {Byeongho}
Missiles
 d - 19 poisoned darts
 e - 3 curare-tipped darts
Armour
 b - a +0 robe
 c - a +0 cloak (worn)
 k - a +0 ring mail (worn)
Scrolls
 f - a scroll of acquirement {unknown}
 g - a scroll of fog {unknown}
 h - a scroll of identify {unknown}
 i - a scroll of revelation {unknown}
 l - 2 scrolls of teleportation {unknown}
 m - a scroll of fear {unknown}
 o - 2 scrolls of brand weapon {unknown}
 q - a scroll of blinking {unknown}
 r - a scroll of immolation {unknown}
Potions
 j - a potion of might {unknown}
 p - a potion of mutation {unknown}


   Skills:
 - Level 2.0 Fighting
 + Level 5.4 Short Blades
 - Level 1.7 Throwing
 - Level 0.8 Dodging
 - Level 3.2 Stealth


You had 4 spell levels left.
You didn't know any spells.
Your spell library was empty.

Dungeon Overview and Level Annotations

Branches:
Dungeon (2/15)

Altars:


Innate Abilities, Weirdness & Mutations

You can wield a second weapon in your off-hand.
It takes a long time for you to wield or remove held weapons.
Your first few attacks do less damage.
Your grasper-arms cannot wear rings.


Message History

You hit the orc but do no damage. You hit the orc with your +2 dagger.
The orc is severely wounded.
You barely miss the orc with your +0 dagger.
The orc hits you with a +0 hand axe.
You barely miss the orc with your +0 dagger.
The orc is severely wounded.
You hit the orc with your +2 dagger.
You kill the orc!
The gnoll closely misses you.
A gnoll comes into view. It is wielding a +0 flail.
A goblin comes into view. It is wielding a +0 club.
The gnoll hits you with a +0 flail. The gnoll attacks as it pursues you!
The gnoll misses you. The gnoll attacks as it pursues you!
The gnoll hits you with a +0 flail. The gnoll attacks as it pursues you!
The gnoll hits you with a +0 flail.
* * * LOW HITPOINT WARNING * * *
There is a shaft here.
The gnoll hits you with a +0 flail.
* * * LOW HITPOINT WARNING * * *
The gnoll attacks as it pursues you! The gnoll misses you.
The gnoll falls through a shaft!
The shaft crumbles and collapses.
Unknown command.
The gnoll attacks as it pursues you! The gnoll hits you with a +0 flail!
* * * LOW HITPOINT WARNING * * *
You closely miss the gnoll with your +2 dagger.
You barely miss the gnoll with your +0 dagger.
You hit the gnoll with your +0 dagger.
The gnoll is lightly wounded.
You hit the gnoll but do no damage. The gnoll hits you with a +0 flail!
* * * LOW HITPOINT WARNING * * *
You completely miss the gnoll with your +2 dagger.
The gnoll is lightly wounded.
You closely miss the gnoll with your +0 dagger.
The gnoll barely misses you.
Unknown command.
You completely miss the gnoll with your +0 dagger.
The gnoll is lightly wounded.
You hit the gnoll but do no damage. The gnoll hits you with a +0 flail.
You die...

#.........###......########.#....
#.........................#.#....
.....†.....#####......##....#....
.#.).†#......###......##....#....
.#....#......'.........'%...#....
.#....†......###....####....##...
.............###.........(..##...
.........................#####...
..#......#######@#.......# #...
.........'.....#g#.......# #...
.........#####.#g#.......#####...
.........#####.#o#............##.
.....##'##.....#..........###.##.
..##+##....#####...#.#.#.........
.. #......##..........#...)...
+......##....#g#.#.........
#.##...##..#...........+###


You could see a gnoll, an orc and a goblin.

Vanquished Creatures
  Sigmund (D:2)
  An adder (D:2)
  A dart slug (D:1)
  A ribbon worm (D:2)
  An orc (D:2)
  3 ball pythons
  3 endoplasms
  2 giant cockroaches (D:1)
  4 goblins (D:1)
  6 hobgoblins (D:1)
  6 jackals (D:1)
  A kobold (D:2)
  A quokka (D:2)
  3 bats
  4 rats (D:1)
38 creatures vanquished.

Notes
Turn   | Place    | Note
-------+----------+-------------------------------------------
     0 | D:1      | lunkers the Coglin Brigand began the quest for the Orb.
     0 | D:1      | Reached XP level 1. HP: 16/16 MP: 1/1
    30 | D:1      | Reached skill level 2 in Short Blades
   115 | D:1      | Reached XP level 2. HP: 13/22 MP: 2/2
   378 | D:1      | Reached skill level 3 in Short Blades
   419 | D:1      | Reached XP level 3. HP: 27/27 MP: 3/3
  1160 | D:2      | Noticed Sigmund
  1174 | D:2      | Killed Sigmund
  1175 | D:2      | Reached skill level 4 in Short Blades
  1175 | D:2      | Reached skill level 5 in Short Blades
  1175 | D:2      | Reached XP level 4. HP: 33/33 MP: 4/4
  1175 | D:2      | Reached XP level 5. HP: 38/38 MP: 5/5
  1409 | D:2      | Slain by a gnoll

Illustrated notes

Levels and vault maps discovered:
D:1:      eino_arrival_water_star, layout_basic
D:2:      layout_basic, serial_co_window_serial, co_window_corner_a,
          co_window_of_opportunity_a, co_window_cross_1, co_window_paths_b,
          co_window_corner_a, co_window_of_opportunity_b, co_window_corner_b,
          co_window_of_opportunity_b, co_window_sun, glass_columns_b,
          glass_columns_c, glass_columns_a, minmay_liquid_box, uniq_sigmund

Skill      XL: |  1  2  3 |
---------------+----------+-----
Short Blades   | 2 3 5 |  5.4
Fighting       | |  2.0
Throwing       | |  1.7
Dodging        | |  0.8
Stealth        | |  3.2

Action                     |  1- 3 |  4- 6 || total
---------------------------+-------+-------++-------
  Melee: Dagger            |   159 |    48 ||   207
  Throw: Dart              |     1 |       ||     1
   Stab: Sleeping          |     4 |       ||     4
 Armour: Robe              |    54 |       ||    54
         Ring mail         |    25 |    19 ||    44
  Dodge: Dodged            |    72 |    13 ||    85

Table legend: (Time is in decaauts)
 A = Elapsed time spent in this place.
 B = Non-inter-level travel time spent in this place.
 C = Inter-level travel time spent in this place.
 D = Time resting spent in this place.
 E = Time spent auto-exploring this place.
 F = Levels seen in this place.
 G = Mean time per level.
                   A        B        C        D        E       F      G
               +--------+--------+--------+--------+--------+-----+--------+
         Total |   1385 |   1364 |     21 |      0 |    973 |   2 |  692.5 |
       Dungeon |   1385 |   1364 |     21 |      0 |    973 |   2 |  692.5 |
               +--------+--------+--------+--------+--------+-----+--------+

Top non-repeatable levels by time:
     D:1: 988 daAuts
     D:2: 396 daAuts
